 Dungeon Crawl Stone Soup version 0.26.1-2-gb8aa6d0cf2 (webtiles) character file.

Game seed: 192259315798254842

16 Architect the Skirmisher (level 2, -1/21 HPs)
             Began as a Hill Orc Abyssal Knight on Mar 27, 2021.
             Was a Follower of Lugonu.
             Slain by an adder (2 damage)
             ... on level 2 of the Dungeon.
             The game lasted 00:07:28 (602 turns).

Architect the Skirmisher (Hill Orc Abyssal Knight)   Turns: 602, Time: 00:07:29

Health: -1/21      AC:  4    Str: 14    XL:     2   Next: 58%
Magic:  3/3        EV: 11    Int: 12    God:    Lugonu [*.....]
Gold:   8          SH:  0    Dex: 10    Spells: 1/1 levels left

rFire    . . .     SeeInvis .   a - +1 hand axe
rCold    . . .     Faith    .   (no shield)
rNeg     . . .     Spirit   .   b - +0 leather armour
rPois    .         Reflect  .   g - +0 helmet
rElec    .         Harm     .   (no cloak)
rCorr    .         Rampage  .   (no gloves)
Will     .....                  (no boots)
Stlth    +.........             (no amulet)
HPRegen  0.07/turn              (no ring)
MPRegen  0.08/turn              (no ring)

@: lethally poisoned (-1 -> -5)
A: [frail 2], [low mp 2], [screaming 3]
a: Renounce Religion, Depart the Abyss


You were on level 2 of the Dungeon.
You worshipped Lugonu.
Lugonu was aware of your devotion.
You visited 1 branch of the dungeon, and saw 2 of its levels.
You visited the Abyss 1 time.

You collected 8 gold pieces.

Inventory:

Hand Weapons
 a - a +1 hand axe (weapon)
Armour
 b - a +0 leather armour (worn)
 g - a +0 helmet (worn)
Scrolls
 c - a scroll of random uselessness {unknown}
 d - a scroll of remove curse {unknown}
 f - a scroll of amnesia {unknown}
Potions
 e - a potion of curing {unknown}
 h - a potion of flight {unknown}


   Skills:
 + Level 4.0 Fighting
 + Level 3.0 Axes
 + Level 2.4 Armour
 + Level 1.0 Dodging
 + Level 2.6 Invocations


You had one spell level left.
You didn't know any spells.
Your spell library was empty.

Dungeon Overview and Level Annotations

Branches:
Dungeon (2/15)

Altars:
Vehumet


Innate Abilities, Weirdness & Mutations

[You are very frail. (-20% HP)]
[Your magical capacity is very low. (-20% MP)]
[You frequently scream uncontrollably at your foes.]


Message History

The kobold is moderately wounded.
You hit the adder but do no damage. You hit the kobold.
You kill the kobold!
Lugonu accepts your kill. The adder barely misses you.
The kobold hits you but does no damage. The kobold barely misses you.
The adder barely misses you.
Your Dodging skill increases to level 1!
You barely miss the kobold.
The kobold is moderately wounded.
Your leather armour prevents you from hitting the adder.
The adder barely misses you. The kobold closely misses you.
You hit the kobold.
You kill the kobold!
Lugonu accepts your kill.
You barely miss the adder.
* * * LOW HITPOINT WARNING * * *
You feel sick. The adder bites you.
* * * LOW HITPOINT WARNING * * *
The adder bites you.
You die...

# . .#### # ..# #. ...
.## #.# #.. ... .... ...
#..###.###..# #####.#
#...#...#..+## ....#.#
#....†@....... .#..#.#
#...#.†S#..... .#.##.#
#.#..###.## .... ......#
#.#?..#...#.....
...####.#.#....(........
........#.#.##.#..###+##
.########.####...##
............##$###
#.#######.#.##.######.#


You could see an adder.

Vanquished Creatures
  A leopard gecko (D:2)
  4 bats
  2 goblins (D:1)
  A hobgoblin (D:1)
  A ball python (D:2)
  5 kobolds
  A rat (D:2)
15 creatures vanquished.

Notes
Turn   | Place    | Note
-------+----------+-------------------------------------------
     0 | Abyss:1  | Architect the Hill Orc Abyssal Knight began the quest for
                  | the Orb.
     0 | Abyss:1  | Reached XP level 1. HP: 19/19 MP: 2/2
    49 | Abyss:1  | Noticed a quasit
    74 | Abyss:1  | Noticed a wretched star
    84 | D:1      | Escaped the Abyss
   114 | D:1      | Reached * piety under Lugonu
   143 | D:1      | Reached skill level 4 in Fighting
   143 | D:1      | Reached XP level 2. HP: 2/21 MP: 3/3
   584 | D:2      | Found a radiant altar of Vehumet.
   601 | D:2      | Reached skill level 1 in Dodging
   602 | D:2      | HP: 1/21 [adder (3)]
   602 | D:2      | Slain by an adder

Illustrated notes

Levels and vault maps discovered:
D:1:      psy_arrival_basics, layout_loops_cross
D:2:      layout_basic, general_overflow_altar, vehumet_crystals

Skill      XL: |  1  2 |
---------------+-------+-----
Fighting       | 4 |  4.0
Axes           | 3 |  3.0
Dodging        | 1 |  1.0
Armour         | |  2.4
Invocations    | |  2.6

Action                   || total
-------------------------++-------
Melee: Hand axe          ||    44
Invok: Depart the Abyss  ||     1
Armor: Leather armour    ||    24
Dodge: Dodged            ||    51
